 Dungeon Crawl Stone Soup version 0.28-a0-1395-g4f6bc678fa (webtiles) character file.

Game seed: 13540664578296919761

747 bande the Chopper (level 7, -13/44 HPs)
             Began as a Gargoyle Fighter on Jan 5, 2022.
             Killed from afar by Ijyb (35 damage)
             ... with a bolt of acid
             ... on level 5 of the Dungeon.
             The game lasted 00:08:34 (5717 turns).

bande the Chopper (Gargoyle Fighter)                Turns: 5717, Time: 00:08:35

Health: -13/44     AC: 11    Str: 20    XL:     7   Next: 77%
Magic:  7/7        EV:  7    Int:  8    God:
Gold:   189        SH:  6    Dex: 11    Spells: 6/6 levels left

rFire   . . .      SeeInvis .   a - +0 war axe (freeze)
rCold   . . .      Faith    .   c - +1 buckler
rNeg    + . .      Spirit   .   n - +0 chain mail
rPois   ∞          Reflect  .   b - +0 helmet
rElec   +          Harm     .   (no cloak)
rCorr   .          Rampage  .   (no gloves)
Will    .....                   (no boots)
Stlth   ..........              (no amulet)
HPRegen 0.14/turn               (no ring)
MPRegen 0.10/turn               (no ring)

@: corroded
A: sickness immunity, AC +4, negative energy resistance 1, electricity
resistance, torment resistance 1, petrification resistance
a: no special abilities


You were on level 5 of the Dungeon.
You visited 1 branch of the dungeon, and saw 5 of its levels.

You collected 189 gold pieces.

Inventory:

Hand Weapons
 a - a +0 war axe of freezing (weapon)
 h - a +0 war axe
 p - a +0 morningstar of protection
Missiles
 o - 2 throwing nets (quivered)
Armour
 b - a +0 helmet (worn)
 c - a +1 buckler (worn)
 n - a +0 chain mail (worn)
Wands
 j - a wand of acid (4)
Scrolls
 k - a scroll of enchant armour
 l - a scroll of blinking
Potions
 d - a potion of might
 e - 2 potions of invisibility
 f - a potion of berserk rage {unknown}
 g - 2 potions of haste {unknown}
 i - a potion of brilliance {unknown}
 m - 2 potions of mutation {unknown}


   Skills:
 + Level 4.8 Fighting
 + Level 5.1 Axes
 + Level 5.1 Armour
 - Level 0.1 Dodging
 - Level 0.3 Stealth
 + Level 4.4 Shields
 * Level 2.4 Evocations


You had 6 spell levels left.
You didn't know any spells.
Your spell library contained the following spells:

 Spells                   Type           Power      Damage    Failure   Level
 Stone Arrow              Conj/Erth      0%         3d7       100%        3
 Animate Armour           Summ/Erth      0%         N/A       100%        4
 Lehudib's Crystal Spear  Conj/Erth      0%         10d2      100%        8


Dungeon Overview and Level Annotations

Branches:
Dungeon (5/15)
 Temple: D:4-7

Altars:
Fedhas
Nemelex Xobeh
Qazlal

Annotations:
D:5 Ijyb


Innate Abilities, Weirdness & Mutations

You are immune to sickness and miasma.
Your stone body is resilient. (AC +4)
You are immune to poison.
You resist negative energy. (rN+)
You are resistant to electric shocks. (rElec)
You are resistant to unholy torment.
You are immune to petrification.


Message History

There is a stone staircase leading down here.
You hear the brisk rusting of a distant drain.
An ogre comes into view. It is wielding a +0 giant club.
The ogre shouts!
Found 11 gold pieces.
You slash the ogre! You freeze the ogre.
The ogre is heavily wounded.
The ogre barely misses you.
You slash the ogre! You freeze the ogre.
You kill the ogre!
Things that are here:
a +0 giant club; an ogre corpse Ijyb the Twisted Goblin comes into view.
She is wielding a +2 dagger of speed and carrying a wand of acid (11).
Ijyb shouts!
A howler monkey zombie comes into view.
You see here 11 gold pieces.
Found a club.
You block Ijyb's attack.
You slash Ijyb! You freeze Ijyb.
Ijyb is moderately wounded.
You hit the howler monkey zombie.
Ijyb zaps a wand.
The bolt of acid hits you! The acid corrodes you!
The howler monkey zombie hits you but does no damage.
Ijyb hits you with a +2 dagger of speed.
You hit Ijyb. You freeze Ijyb.
Ijyb is severely wounded.
You completely miss the howler monkey zombie.
Ijyb hits you with a +2 dagger of speed.
You block the howler monkey zombie's attack.
You are too injured to fight recklessly!
You are too injured to fight recklessly!
You are too injured to fight recklessly!
You are too injured to fight recklessly!
You are too injured to fight recklessly!
You are too injured to fight recklessly!
Unknown command.
You hit Ijyb but do no damage.
Ijyb is severely wounded.
You hit the howler monkey zombie.
Ijyb zaps a wand.
The bolt of acid hits you!!
Ouch! That really hurt!
You die...

)... ...# . ####### #...
..#...#.. #... ........#
#... ........# #...
......... #...#######
.......). #..g@..$..#
.........
#..Z#####.###........
..............###.....#.
................##......
.................#...##.
.###...#####.#..)..#.##.
#... ...#...#...### ....
#########.### #.# ##


You could see Ijyb and a howler monkey zombie.

Vanquished Creatures
  2 ogres (D:5)
  A phantom (D:2)
  Blork the orc (D:4)
  A scorpion (D:4)
  A howler monkey (D:3)
  An orc priest (D:4)
  A bullfrog skeleton (D:4)
  A hound (D:4)
  2 orc wizards (D:4)
  4 gnolls
  6 adders
  An ufetubus (D:4)
  2 dart slugs
  10 orcs
  8 endoplasms
  4 giant cockroaches
  10 goblins
  11 hobgoblins
  7 jackals (D:1)
  2 kobolds
  4 quokkas
  9 ball pythons
  A bat (D:3)
  2 frilled lizards
  2 rats
  A spectral hobgoblin (D:1)
95 creatures vanquished.

Vanquished Creatures (others)
  A bat (D:1)
  12 plants (D:4)
13 creatures vanquished.

Grand Total: 108 creatures vanquished

Notes
Turn   | Place    | Note
-------+----------+-------------------------------------------
     0 | D:1      | bande the Gargoyle Fighter began the quest for the Orb.
     0 | D:1      | Reached XP level 1. HP: 14/14 MP: 1/1
   294 | D:1      | Reached XP level 2. HP: 19/19 MP: 2/2
   557 | D:1      | Reached XP level 3. HP: 24/24 MP: 3/3
   744 | D:1      | Found a faded altar of an unknown god.
  1137 | D:2      | Noticed a phantom
  1156 | D:2      | Killed a phantom
  1157 | D:2      | Reached XP level 4. HP: 4/29 MP: 4/4
  1709 | D:2      | Reached XP level 5. HP: 33/33 MP: 5/5
  2743 | D:3      | Reached XP level 6. HP: 36/38 MP: 6/6
  2826 | D:3      | Reached skill level 1 in Evocations
  3271 | D:4      | Noticed Blork the orc
  3280 | D:4      | Killed Blork the orc
  4016 | D:4      | Found a blossoming altar of Fedhas.
  4064 | D:4      | Found a large runed translucent door.
  4065 | D:4      | Found a large runed translucent door.
  4129 | D:4      | Reached XP level 7. HP: 39/44 MP: 7/7
  5350 | D:4      | Found a sparkling altar of Nemelex Xobeh.
  5360 | D:4      | Found a stormy altar of Qazlal.
  5394 | D:5      | Entered Level 5 of the Dungeon
  5434 | D:5      | Reached skill level 5 in Axes
  5434 | D:5      | Reached skill level 5 in Armour
  5711 | D:5      | Noticed Ijyb
  5717 | D:5      | Killed from afar by Ijyb

Illustrated notes

Levels and vault maps discovered:
D:1:      dpeg_arrival_simpleton_c, layout_loops_cross,
          dreamdust_ecumenical_altar_drowned_temple, lemuel_old_faithful
D:2:      layout_basic, minmay_misc_feat_encased, minmay_misc_feat_square
D:3:      wad_river_or_something, layout_rooms
D:4:      layout_basic, jmf_multi_god_temple2, fedhas_altar_decomposition,
          nicolae_zen_rock_garden, minivault_25, grunt_ministairs_2,
          kennysheep_minor_cross, uniq_blork_the_orc
D:5:      layout_loops_cross, lightli_sewer_entry_pipes, uniq_ijyb

Skill      XL: |  1  2  3  4  5  6  7 |
---------------+----------------------+-----
Axes           | 2 3 4 5 |  5.1
Fighting       | 4 |  4.8
Armour         | 4 5 |  5.1
Shields        | 4 |  4.4
Evocations     | 1 2 |  2.4
Dodging        | |  0.1
Stealth        | |  0.3

Action                   |  1- 3 |  4- 6 |  7- 9 || total
-------------------------+-------+-------+-------++-------
Melee: War axe           |    82 |   188 |    34 ||   304
  Use: Scroll            |     4 |     4 |       ||     8
Armor: Scale mail        |    50 |    98 |       ||   148
       Chain mail        |       |     6 |    28 ||    34
Dodge: Dodged            |    44 |    77 |    14 ||   135
Block: Buckler           |    18 |    59 |    24 ||   101

Table legend: (Time is in decaauts)
 A = Elapsed time spent in this place.
 B = Non-inter-level travel time spent in this place.
 C = Inter-level travel time spent in this place.
 D = Time resting spent in this place.
 E = Time spent auto-exploring this place.
 F = Levels seen in this place.
 G = Mean time per level.
                   A        B        C        D        E       F      G
               +--------+--------+--------+--------+--------+-----+--------+
         Total |   5829 |   5789 |     40 |   1103 |   3758 |   5 | 1165.8 |
       Dungeon |   5829 |   5789 |     40 |   1103 |   3758 |   5 | 1165.8 |
               +--------+--------+--------+--------+--------+-----+--------+

Top non-repeatable levels by time:
     D:4: 2185 daAuts
     D:3: 1128 daAuts
     D:2: 1097 daAuts
     D:1: 1093 daAuts
     D:5: 325 daAuts
